 Dungeon Crawl Stone Soup version 0.31-a0-986-g5e6e4ef867 (webtiles) character file.

Game seed: 7793801970282010319

7350 mandarbmax the Summoner (level 11, -1/64 HPs)
             Began as a Tengu Summoner on Nov 9, 2023.
             Was a Believer of Sif Muna.
             Slain by a skeletal warrior
             ... wielding a +0 short sword
              (12 damage)
             ... on level 10 of the Dungeon.
             The game lasted 00:52:06 (12771 turns).

mandarbmax the Summoner (Tengu Summoner)           Turns: 12771, Time: 00:52:07

Health: -1/64      AC:  7    Str:  5    XL:     11   Next: 13%
Magic:  15/24      EV: 20    Int: 20    God:    Sif Muna [**....]
Gold:   606        SH:  0    Dex: 18    Spells: 7/26 levels left

rFire   + . .        A - +4 trident (drain)
rCold   + . .        (no shield)
rNeg    . . .        t - +2 ring mail {rC+}
rPois   .            (helmet restricted)
rElec   .            (no cloak)
rCorr   .            (no gloves)
SInv    .            (boots unavailable)
Will    .....        F - amulet of faith
Stlth   ++           j - ring of fire
HPRegen 0.30/turn    w - +5 ring of evasion
MPRegen 0.19/turn

%: acrobat, faith
@: flying, studying Axes
A: beak, talons 3, evasive flight, acrobatic, agile 1, cold resistance 1, weak 1
a: Renounce Religion, Channel Magic


You were on level 10 of the Dungeon.
You worshipped Sif Muna.
Sif Muna was pleased with you.
You visited 2 branches of the dungeon, and saw 12 of its levels.

You collected 1495 gold pieces.
You spent 889 gold pieces at shops.

Inventory:

Hand Weapons
 n - a +2 dagger of venom
 A - a +4 trident of draining (weapon)
Armour
 a - a +1 robe
 p - +0 steam dragon scales
 t - a +2 ring mail of cold resistance (worn)
Jewellery
 j - a ring of fire (left hand)
 v - a ring of fire
 w - a +5 ring of evasion (right hand)
 F - an amulet of faith (around neck)
 G - a ring of protection from fire
Wands
 l - a wand of paralysis (23)
 q - a wand of mindburst (7)
 D - a wand of flame (13)
Scrolls
 d - 3 scrolls of enchant armour
 e - a scroll of immolation
 g - 4 scrolls of teleportation
 k - 2 scrolls of noise
 m - a scroll of enchant weapon {unknown}
 s - 2 scrolls of vulnerability
 x - a scroll of brand weapon {unknown}
 y - 2 scrolls of summoning
 B - a scroll of amnesia {unknown}
 C - a scroll of fog
 E - a scroll of blinking {unknown}
 H - 2 scrolls of identify
Potions
 b - 2 potions of magic
 c - a potion of ambrosia {unknown}
 f - 4 potions of mutation
 h - a potion of haste
 i - 2 potions of heal wounds
 o - 2 potions of lignification {unknown}
 r - 2 potions of attraction {unknown}
 u - a potion of might
 z - 4 potions of curing


   Skills:
 + Level 5.6 Fighting
 + Level 6.7 Dodging
 - Level 2.0 Stealth
 - Level 8.0 Spellcasting
 * Level 13.1 Summonings
 - Level 8.2 Air Magic


You had 7 spell levels left.
You knew the following spells:

 Your Spells              Type           Power      Damage    Failure   Level
a - Summon Small Mammal   Summ           100%       N/A       1%          1
b - Call Imp              Summ           100%       N/A       1%          2
c - Call Canine Familiar  Summ           57%        N/A       1%          3
d - Summon Lightning Spi  Summ/Air       50%        N/A       4%          4
e - Summon Guardian Gole  Hex/Summ       34%        N/A       9%          3
f - Summon Cactus Giant   Summ           28%        N/A       28%         6

Your spell library contained the following spells:

 Spells                   Type           Power      Damage    Failure   Level
 Animate Armour           Summ/Erth      68%        N/A       28%         4
 Foxfire                  Conj/Fire      48%        2x1d6     38%         1
 Lesser Beckoning         Tloc           16%        N/A       52%         2
 Scorch                   Fire           24%        2d6       52%         2
 Wereblood                Tmut           8%         N/A       52%         2
 Summon Forest            Summ/Tloc      17%        N/A       61%         5
 Gell's Gravitas          Tloc           8%         N/A       77%         3
 Ignite Poison            Fire/Tmut/Pois 12%        N/A       77%         3
 Ozocubu's Armour         Ice            8%         N/A       77%         3
 Stone Arrow              Conj/Erth      16%        3d8       77%         3
 Teleport Other           Tloc           8%         N/A       77%         3
 Flame Wave               Conj/Fire      12%        2d6       99%         4
 Sticky Flame             Conj/Fire      12%        2d4       99%         4
 Borgnjor's Vile Clutch   Necr/Erth      4%         N/A       100%        5
 Irradiate                Conj/Tmut      4%         3d13      100%        5
 Dispersal                Tloc           4%         N/A       100%        6
 Plasma Beam              Fire/Air       18%        2x1d29    100%        6
 Starburst                Conj/Fire      6%         6d4       100%        6
 Ozocubu's Refrigeration  Ice            4%         4d8       100%        7
 Ignition                 Fire           6%         3d4       100%        8
 Lehudib's Crystal Spear  Conj/Erth      4%         10d3      100%        8
 Dragon's Call            Summ           28%        N/A       100%        9


Dungeon Overview and Level Annotations

Branches:
Dungeon (11/15)            Temple (1/1) D:6            Lair (0/5) D:9
    Orc: D:9-12

Altars:
Ashenzari
Cheibriados
Dithmenos
Elyvilon
Fedhas
Gozag
Hepliaklqana
Kikubaaqudgha
Makhleb
Nemelex Xobeh
Okawaru
Qazlal
Ru
Sif Muna
Trog
Uskayaw
Vehumet
Wu Jian
Xom
Yredelemnul
Zin
The Shining One

Shops:
D:3 *   D:4 !   D:8 ?

Annotations:
Temple 2 transporters


Innate Abilities, Weirdness & Mutations

You have a beak for a mouth.
You have claws for feet.
Your magical flight helps you evade attacks. (EV +4)
You can magically evade attacks while moving or waiting.
You are agile. (Dex +4, Str/Int -1)
Your flesh is cold resistant. (rC+)
You are weak. (Str -2)


Message History

There is an open door here.
You see here a +0 robe.
You see here a yak corpse.
There is an open door here.
There is an open door, spattered with blood here.
You reach down and open the door.
There is an open door here.
You reach down and open the door.
There is an open door here.
There is an open door here.
Done exploring.
Done exploring.
Done exploring.
You reach down and open the door.
There is an open door here.
You see here a +0 robe.
There is a stone staircase leading down here.
You fly downwards.
There is a stone staircase leading up here.
There are monsters nearby!
The skeletal warrior hits you from afar with a +0 trident!
The skeletal warrior barely misses you.
The skeletal warrior hits you with a +0 short sword.
You fly upwards.
There is a stone staircase leading down here.
Unknown command.
Unknown command.
Casting: Summon Guardian Golem (dangerous; 9% risk of failure)
Confirm with . or Enter, or press ? or * to list all spells.
The skeletal warrior hits you with a +0 battleaxe!
The skeletal warrior completely misses you.
Casting: Summon Cactus Giant (quite dangerous; 28% risk of failure)
Confirm with . or Enter, or press ? or * to list all spells.
Okay, then.
Casting: Summon Cactus Giant (quite dangerous; 28% risk of failure)
Confirm with . or Enter, or press ? or * to list all spells.
The skeletal warrior hits you with a +0 battleaxe!
* * * LOW HITPOINT WARNING * * *
The skeletal warrior hits you with a +0 short sword!
You die...

#.........# #.........########
####................#
..>.................# ######
....................########.....
....###########..................
#####.........#.........####'##..
..............#.z.h.#####.....#..
..............#.@.C.#.........#..
..........#####z....#.........+..
#.........#.........#.........#..
'.........#.........#.........#..
#.........#.........####......#..
'.........#............########..
###########......................
.................................
.................................


You could see 2 skeletal warriors, a friendly cactus giant (summoned) and a
friendly wolf (summoned).

Vanquished Creatures
  A yak (D:10)
  2 orc warriors
  A sky beast (D:6)
  2 phantoms (D:7)
  A bullfrog (D:7)
  A scorpion (D:4)
  A killer bee (D:8)
  A howler monkey (D:7)
  A jelly (D:7)
  An orc wizard (D:7)
  Natasha (D:4)
  An adder (D:6)
  A shadow imp (D:8)
  A dart slug (D:5)
  5 orcs
  A ball python (D:2)
  2 goblins
  4 hobgoblins
  2 kobolds
  5 bats
35 creatures vanquished.

Vanquished Creatures (collateral kills)
  Jeremiah (D:6)
  Maggie (D:6)
  2 hornets
  5 yaks
  A wraith (D:7)
  2 wyverns (D:8)
  Eustachio (D:5)
  Menkaure (D:5)
  Edmund (D:5)
  An orc warrior (D:7)
  3 ice beasts
  2 black bears
  2 ogres
  3 centaurs
  2 phantoms
  4 nameless horrors
  A bullfrog (D:7)
  3 kobold brigands (D:7)
  4 scorpions
  12 wights
  A howler monkey (D:9)
  A crimson imp (D:3)
  5 jellies
  A gnoll bouda (D:10)
  2 hounds
  6 orc priests
  Ijyb (D:4)
  4 iguanas
  Natasha (twice) (D:4)
  7 orc wizards
  8 gnolls
  4 adders
  A shadow imp (D:5)
  2 white imps
  4 ufetubi (D:6)
  3 worms
  2 dart slugs
  22 orcs
  2 ball pythons
  6 bats
  8 endoplasms
  2 giant cockroaches
  6 goblins
  5 hobgoblins
  4 jackals (D:2)
  18 kobolds
  A quokka (D:1)
  2 frilled lizards (D:1)
  5 rats
187 creatures vanquished.

Vanquished Creatures (others)
  An acid dragon (D:10)
  A centaur (D:9)
  A gnoll sergeant (D:7)
  5 wights
  2 killer bees (D:8)
  A kobold (D:7)
11 creatures vanquished.

Grand Total: 233 creatures vanquished

Notes
Turn   | Place    | Note
-------+----------+-------------------------------------------
     0 | D:1      | mandarbmax the Tengu Summoner began the quest for the Orb.
     0 | D:1      | Reached XP level 1. HP: 10/10 MP: 4/4
   161 | D:1      | Reached skill level 5 in Summonings
   257 | D:1      | Reached XP level 2. HP: 15/15 MP: 3/6
   688 | D:1      | Learned a level 2 spell: Call Imp
   768 | D:1      | Reached XP level 3. HP: 19/19 MP: 2/7
   920 | D:1      | Learned a level 3 spell: Call Canine Familiar
  1789 | D:2      | Reached XP level 4. HP: 23/24 MP: 4/9
  2361 | D:3      | Reached skill level 6 in Summonings
  2566 | D:3      | Noticed a scorpion
  2574 | D:3      | Killed a scorpion
  2575 | D:3      | Reached XP level 5. HP: 23/28 MP: 2/11
  2580 | D:3      | Learned a level 4 spell: Summon Lightning Spire
  3076 | D:3      | Found Nocrij's General Store.
  3085 | D:3      | Bought a potion of curing for 42 gold pieces
  3085 | D:3      | Bought a scroll of teleportation for 42 gold pieces
  3180 | D:3      | Found a radiant altar of Vehumet.
  3183 | D:3      | Found a burning altar of Makhleb.
  3270 | D:3      | Reached skill level 1 in Air Magic
  3769 | D:4      | Noticed an ice beast
  3777 | D:4      | Killed an ice beast
  3778 | D:4      | Reached skill level 7 in Summonings
  3778 | D:4      | Reached XP level 6. HP: 32/32 MP: 1/13
  4166 | D:4      | Noticed Natasha
  4167 | D:4      | Noticed Ijyb
  4171 | D:4      | Killed Natasha
  4176 | D:4      | Killed Ijyb
  4335 | D:4      | Noticed Natasha
  4340 | D:4      | Killed Natasha
  4356 | D:4      | Noticed Natasha
  4372 | D:4      | Killed Natasha
  4383 | D:4      | Gained mutation: Your magical flight helps you evade
                  | attacks. (EV +4) [Tengu growth]
  4383 | D:4      | Reached XP level 7. HP: 25/36 MP: 2/15
  4592 | D:4      | Found Qanloy's Distillery.
  4600 | D:4      | Bought a potion of heal wounds for 70 gold pieces
  4701 | D:4      | Found a hazy altar of Hepliaklqana.
  4732 | D:5      | Entered Level 5 of the Dungeon
  4768 | D:5      | Noticed Eustachio
  4814 | D:5      | Killed Eustachio
  4815 | D:5      | Reached skill level 5 in Spellcasting
  4832 | D:5      | Reached skill level 8 in Summonings
  5018 | D:5      | Reached XP level 8. HP: 31/41 MP: 2/17
  5031 | D:5      | Noticed Edmund
  5053 | D:5      | Gained mutation: You are weak. (Str -2) [potion of
                  | mutation]
  5053 | D:5      | Gained mutation: You are agile. (Dex +4, Str/Int -1)
                  | [potion of mutation]
  5053 | D:5      | Gained mutation: Your flesh is cold resistant. (rC+)
                  | [potion of mutation]
  5070 | D:5      | Killed Edmund
  5187 | D:5      | Reached skill level 9 in Summonings
  5791 | D:6      | Reached skill level 5 in Air Magic
  6241 | D:6      | Reached skill level 10 in Summonings
  6241 | D:6      | Reached XP level 9. HP: 45/45 MP: 12/20
  6245 | D:6      | Learned a level 3 spell: Summon Guardian Golem
  6356 | D:6      | Noticed Jeremiah
  6375 | D:6      | Killed Jeremiah
  6500 | D:6      | Found a glowing silver altar of Zin.
  6604 | D:6      | Found a staircase to the Ecumenical Temple.
  6626 | Temple   | Found a transporter.
  6626 | Temple   | Found a transporter.
  6626 | Temple   | Found a transporter.
  6626 | Temple   | Found a transporter.
  6626 | Temple   | Entered the Ecumenical Temple
  6641 | Temple   | Became a worshipper of Sif Muna the Loreminder
  7091 | D:6      | Noticed Maggie
  7096 | D:6      | Identified a scroll of acquirement
  7096 | D:6      | Identified the "Kakucu" (You acquired it on level 6 of the
                  | Dungeon)
  7096 | D:6      | Acquired Sif Muna's Precepts of the Amassed Ground
  7123 | D:6      | Killed Maggie
  7326 | D:7      | Learned a level 6 spell: Summon Cactus Giant
  7838 | D:7      | Found a bloodstained altar of Trog.
  7851 | D:7      | Noticed a nameless horror
  7855 | D:7      | Killed a nameless horror
  7869 | D:7      | Reached * piety under Sif Muna
  7998 | D:7      | Reached XP level 10. HP: 50/56 MP: 14/22
  8092 | D:7      | Reached skill level 11 in Summonings
  8242 | D:7      | Reached skill level 5 in Dodging
  8460 | D:7      | Found an ornate altar of the Wu Jian Council.
  8882 | D:8      | Reached ** piety under Sif Muna
  9013 | D:8      | Found Ycod's Magic Scroll Emporium.
  9020 | D:8      | Bought a scroll of teleportation for 42 gold pieces
  9020 | D:8      | Bought a scroll of summoning for 133 gold pieces
  9600 | D:8      | Reached skill level 12 in Summonings
 10347 | D:9      | Found a shadowy altar of Dithmenos.
 10399 | D:9      | Found a hide-covered altar of Uskayaw.
 10399 | D:9      | Noticed a +0 spear
 10399 | D:9      | Noticed a +0 falchion
 10400 | D:9      | Noticed a +0 falchion
 10400 | D:9      | Noticed a +0 dagger
 10401 | D:9      | Noticed a +0 spear
 10402 | D:9      | Noticed a +0 dagger
 10403 | D:9      | Noticed a +0 short sword
 10403 | D:9      | Noticed a +0 short sword
 10428 | D:9      | Found a staircase to the Lair.
 10454 | D:9      | Found an opulent altar of Gozag.
 10742 | D:9      | Reached skill level 5 in Fighting
 10771 | D:9      | Noticed a nameless horror
 10775 | D:9      | Killed a nameless horror
 11214 | D:9      | Acquired 1024 gold pieces
 11350 | D:3      | Bought an amulet of faith for 560 gold pieces
 11401 | D:5      | Reached XP level 11. HP: 64/64 MP: 11/24
 11474 | D:5      | Noticed Menkaure
 11482 | D:5      | Killed Menkaure
 11701 | D:10     | Entered Level 10 of the Dungeon
 12334 | D:10     | Noticed a nameless horror
 12341 | D:10     | Reached skill level 13 in Summonings
 12389 | D:10     | Killed a nameless horror
 12767 | D:11     | Noticed a skeletal warrior
 12767 | D:11     | Noticed a skeletal warrior
 12767 | D:11     | Noticed a skeletal warrior
 12771 | D:10     | Slain by a skeletal warrior

Illustrated notes

Levels and vault maps discovered:
D:1:      matt_arrival_diagonals, layout_basic
D:2:      layout_basic, minivault_11
D:3:      layout_loops_corners, grunt_temple_overflow_lords_of_destruction,
          serial_shops, shop
D:4:      layout_rooms, nicolae_hepliaklqana_hippocampus, serial_aquarium,
          aquarium_bridge_straight [aquarium_subvault_bridge,
          aquarium_subvault_wall, aquarium_subvault_bridge,
          aquarium_subvault_window], aquarium_window_fake, aquarium_window_fake,
          aquarium_window_1, aquarium_view_2e, aquarium_view_2b,
          aquarium_balcony_double_2, serial_shops, shop_fountains, uniq_ijyb,
          uniq_natasha
D:5:      layout_cave_pools, cheibrodos_sewer_entry_bend, roderic_batcave,
          uniq_edmund, uniq_menkaure, uniq_eustachio
D:6:      layout_cave_pools, mainiacjoe_overflow_boulevard, temple_fountains,
          chequers_serial_rivers_large_a, eino_tiny_chamber, grunt_ministairs_2,
          chequers_serial_rivers_room_a, grunt_decor_fettered, uniq_maggie,
          uniq_jeremiah
D:7:      layout_loops_ring, mainiacjoe_overflow_catwalk, amcnicky_altar_gilded,
          minmay_manual_mess
D:8:      layout_rooms, serial_shops, nicolae_shop_just_a_little_nook,
          serial_corexii_hall, corexii_hall_statues_x,
          chequers_hall_statues_corner_a, corexii_hall_statues_l,
          corexii_hall_statues_i, chequers_hall_statues_wall_a,
          corexii_hall_statues_t
D:9:      layout_basic, mainiacjoe_overflow_alcove_1,
          nicolae_dithmenos_shadow_blocks, nicolae_uskayaw_en_pointe
D:10:     layout_irregular_city, serial_column_ruins, column_ruins_grid_2,
          column_ruins_open_small, column_ruins_grid_1, column_ruins_grid_3,
          column_ruins_grid_4
D:11:     layout_irregular_city, david_orc_5
Temple:   hellmonk_temple_divided_pantheon

Skill      XL: |  1  2  3  4  5  6  7  8  9 10 11 |
---------------+----------------------------------+-----
Summonings     | 5 6 7 8 10 12 13 | 13.1
Spellcasting   | 3 4 5 6 7 8 |  8.0
Air Magic      | 1 2 4 5 7 8 |  8.2
Fighting       | 3 5 |  5.6
Dodging        | 4 6 |  6.7
Stealth        | |  2.0

Action                     |  1- 3 |  4- 6 |  7- 9 | 10-12 || total
---------------------------+-------+-------+-------+-------++-------
  Melee: Unarmed           |    26 |     8 |       |       ||    34
         Kick              |     8 |     5 |    10 |    17 ||    40
         Peck              |     6 |     2 |     3 |    11 ||    22
         Punch             |     1 |       |       |       ||     1
         Dagger            |       |     6 |    21 |       ||    27
         Trident           |       |       |    21 |    53 ||    74
   Cast: Summon Small Mamm |    47 |    16 |    38 |    16 ||   117
         Call Imp          |    13 |    12 |    29 |    22 ||    76
         Call Canine Famil |    10 |    22 |    33 |    29 ||    94
         Summon Lightning  |       |    11 |    40 |    23 ||    74
         Summon Guardian G |       |       |     6 |    22 ||    28
         Summon Cactus Gia |       |       |       |     9 ||     9
  Evoke: Wand              |       |     4 |     4 |       ||     8
    Use: Potion            |       |     4 |     2 |       ||     6
         Scroll            |       |       |    11 |     3 ||    14
   Stab: Distracted        |     2 |     1 |     1 |     1 ||     5
         Sleeping          |       |     2 |       |       ||     2
 Armour: Robe              |    19 |    20 |    14 |       ||    53
         Ring mail         |       |       |    19 |    43 ||    62
  Dodge: Dodged            |    31 |    30 |    69 |    84 ||   214

Table legend: (Time is in decaauts)
 A = Elapsed time spent in this place.
 B = Non-inter-level travel time spent in this place.
 C = Inter-level travel time spent in this place.
 D = Time resting spent in this place.
 E = Time spent auto-exploring this place.
 F = Levels seen in this place.
 G = Mean time per level.
                   A        B        C        D        E       F      G
               +--------+--------+--------+--------+--------+-----+--------+
         Total |  12809 |  12339 |    470 |    549 |   9794 |  12 | 1067.4 |
       Dungeon |  12779 |  12309 |    470 |    549 |   9794 |  11 | 1161.7 |
        Temple |     30 |     30 |      0 |      0 |      0 |   1 |   30.0 |
               +--------+--------+--------+--------+--------+-----+--------+

Top non-repeatable levels by time:
     D:3: 1679 daAuts
     D:6: 1531 daAuts
     D:7: 1486 daAuts
     D:8: 1430 daAuts
     D:5: 1339 daAuts
     D:9: 1118 daAuts
     D:2: 1095 daAuts
    D:10: 1070 daAuts
     D:1: 1026 daAuts
     D:4: 999 daAuts
  Temple: 30 daAuts
    D:11: 1 daAuts
